 Dungeon Crawl Stone Soup version 0.20-a0-903-g7e3609c (webtiles) character file.

28 Dfrag the Firebug (level 3, 22/24 HPs)
             Began as a Demonspawn Fire Elementalist on Mar 20, 2017.
             Quit the game on level 2 of the Dungeon.
             The game lasted 00:01:28 (971 turns).

Dfrag the Firebug (Demonspawn Fire Elementalist)     Turns: 971, Time: 00:01:29

Health: 22/24      AC:  2    Str:  8    XL:     3   Next: 0%
Magic:  3/6        EV: 12    Int: 17    God:
Gold:   65         SH:  0    Dex: 13    Spells: 6/7 levels left

rFire    . . .     SeeInvis .   (no weapon)
rCold    . . .     Gourm    .   a - +0 robe
rNeg     . . .     Faith    .   (no shield)
rPois    .         Spirit   +   (no helmet)
rElec    .         Reflect  .   (no cloak)
rCorr    .         Harm     .   (no gloves)
MR       .....                  (no boots)
Stlth    ++........             (no amulet)
Regen    0.1/turn               (no ring)
MPRegen  0.1/turn               (no ring)

@: no status effects
A: claws 1, magic shield
a: no special abilities


You were on level 2 of the Dungeon.
You were hungry.

You visited 1 branch of the dungeon, and saw 2 of its levels.

You collected 65 gold pieces.

Inventory:

Armour
 a - a +0 robe (worn)
Jewellery
 k - a +6 ring of strength {unknown}
Scrolls
 d - a scroll of enchant armour {unknown}
 e - a scroll of random uselessness {unknown}
 f - 2 scrolls of teleportation {unknown}
 g - a scroll of identify {unknown}
Potions
 l - a potion of flight {unknown}
Books
 b - a book of Flames

   Spells                             Type                      Level
   a - Flame Tongue                   Conjuration/Fire             1
   b - Throw Flame                    Conjuration/Fire             2
   c - Conjure Flame                  Conjuration/Fire             3
   d - Inner Flame                    Hexes/Fire                   3
   e - Sticky Flame                   Conjuration/Fire             4
   f - Fireball                       Conjuration/Fire             5
Comestibles
 c - a bread ration
 h - a meat ration


   Skills:
 - Level 1.7 Dodging
 - Level 1.7 Stealth
 + Level 2.5 Spellcasting
 + Level 1.6 Conjurations
 + Level 3.1 Fire Magic


You had 6 spell levels left.
You knew the following spells:

 Your Spells              Type           Power        Failure   Level  Hunger
a - Flame Tongue          Conj/Fire      ##...        10%         1    #......


Dungeon Overview and Level Annotations

Branches:
Dungeon (2/15)

Altars:


Innate Abilities, Weirdness & Mutations

You have sharp fingernails.
When hurt, damage is shared between your health and your magic reserves.


Message History

Aim: a kobold The flame tongue hits the kobold.
You kill the kobold!
The kobold closely misses you.
Casting: Flame Tongue
Confirm with . or Enter, or press ? or * to list all spells.
Aiming: Flame Tongue
Press: ? - help, Shift-Dir - straight line, f - hobgoblin
Aim: a hobgoblin, wielding a club The flame tongue hits the hobgoblin.
You kill the hobgoblin!
You have reached level 3!
Your experience leads to an increase in your attributes!
Increase (S)trength, (I)ntelligence, or (D)exterity?
You feel clever.
You feel monstrous as your demonic heritage exerts itself.
Your demonic ancestry asserts itself...
Your fingernails lengthen.
The kobold misses you.
Are you sure you want to abandon this character and quit the game? (Confirm with "yes".)

#8..8#..(######
#..####K#######
#.##...<..........
#..h....#.########
#..#.#..#.# # #
#..#.# #..#.#
#).#.. #@†### ##K#
.... #####


You could see a kobold.

Vanquished Creatures
  A dart slug (D:2)
  2 leopard geckos (D:1)
  3 bats (D:1)
  2 goblins (D:1)
  4 hobgoblins
  4 jackals (D:1)
  3 frilled lizards (D:1)
  A kobold (D:2)
  A rat (D:1)
21 creatures vanquished.

Notes
Turn   | Place    | Note
-------+----------+-------------------------------------------
     0 | D:1      | Dfrag the Demonspawn Fire Elementalist began the quest for the Orb.
     0 | D:1      | Reached XP level 1. HP: 13/13 MP: 3/3
   179 | D:1      | Gained mutation: When hurt, damage is shared between your health and your magic reserves. [demonic ancestry]
   179 | D:1      | Reached XP level 2. HP: 7/19 MP: 1/5
   574 | D:2      | Reached skill level 3 in Fire Magic
   970 | D:2      | Gained mutation: You have sharp fingernails. [demonic ancestry]
   970 | D:2      | Reached XP level 3. HP: 22/24 MP: 3/6
   971 | D:2      | Quit the game

Vault maps used:
D:1:      dpeg_arrival_connections
D:2:      cheibrodos_helix_gallery, marbit_many_paths, minmay_misc_feat_rows,
          st_stairs_6

Skill      XL: |  1  2 |
---------------+-------+-----
Fire Magic     | 3 |  3.1
Dodging        | |  1.7
Stealth        | |  1.7
Spellcasting   | |  2.5
Conjurations   | |  1.6

Action                   || total
-------------------------++-------
Melee: Unarmed           ||    34
 Cast: Flame Tongue      ||    31
  Use: Potion            ||     1
Armor: Robe              ||    16
Dodge: Dodged            ||    62
